 Dungeon Crawl Stone Soup version 0.17.2-1-ge4368a0 (webtiles) character file.

98619 Goblin1989 the Executioner (level 16, 0/220 HPs)
             Began as a Hill Orc Gladiator on Sept 26, 2016.
             Was the Champion of Makhleb.
             Slain by Goblin1989's illusion (33 damage)
             ... woven by Mara
             ... on level 4 of the Spider Nest.
             The game lasted 02:25:10 (25870 turns).

Goblin1989 the Executioner (Hill Orc Gladiator)    Turns: 25870, Time: 02:25:10

Health: 0/220      AC: 25    Str: 26    XL:     16   Next: 22%
Magic:  22/22      EV: 18    Int:  8    God:    Makhleb [******]
Gold:   2795       SH:  0    Dex: 17    Spells: 4 memorised, 4 levels left

rFire  + . .     SeeInvis .     a - +6 executioner's axe (freeze)
rCold  . . .     Rnd*Rage +     c - +3 plate armour {rF+}
rNeg   . . .     SustAt   .     (shield currently unavailable)
rPois  +         Gourm    .     A - +2 hat
rElec  .         Spirit   .     z - +0 cloak
rCorr  .         Warding  .     D - +0 pair of gloves {archery}
rMut   .         Stasis   .     f - +0 pair of boots
MR     +....                    r - amulet of regeneration
Stlth  ..........               m - ring of wizardry
                                q - +4 ring of evasion

@: berserking, very quick, somewhat resistant to hostile enchantments, extremely
unstealthy
A: agile 2, berserk 1, breathe flames 1, poison resistance, regeneration 1, weak
1
a: Minor Destruction, Lesser Servant of Makhleb, Major Destruction, Greater
Servant of Makhleb, Renounce Religion, Breathe Fire


You were on level 4 of the Spider Nest.
You worshipped Makhleb.
Makhleb was exalted by your worship.
You were very hungry.

You visited 5 branches of the dungeon, and saw 28 of its levels.
You visited the Abyss 1 time.
You also visited: Labyrinth, Ossuary, Bailey and Ice Cave.

You collected 3134 gold pieces.
You spent 339 gold pieces at shops.

Inventory:

Hand Weapons
 a - a +6 executioner's axe of freezing (weapon)
 b - a +0 war axe of flaming
Missiles
 Z - 4 throwing nets (quivered)
Armour
 c - a +3 plate armour of fire resistance (worn)
 f - a +0 pair of boots (worn)
 z - a +0 cloak (worn)
 A - a +2 hat (worn)
 D - a +0 pair of gloves of archery (worn)
 E - a +2 plate armour of magic resistance
Jewellery
 j - an uncursed amulet of resist mutation
 m - a ring of wizardry (right hand)
 q - a +4 ring of evasion (left hand)
 r - an amulet of regeneration (around neck)
 F - the ring of Equilibrium {Str+4 Int+2 SInv}
   (You found it on level 4 of the Lair of Beasts)

   [ring of see invisible]

   It affects your strength (+4).
   It affects your intelligence (+2).
   It lets you see invisible.
 N - an uncursed ring of fire
Wands
 V - a wand of disintegration (8)
Scrolls
 g - 2 scrolls of enchant armour
 i - 7 scrolls of recharging
 k - 2 scrolls of amnesia
 n - 2 scrolls of immolation {!r}
 o - 3 scrolls of noise {!r}
 t - 3 scrolls of silence {!r}
 y - 3 scrolls of fear
 B - 5 scrolls of blinking
 G - a scroll of enchant weapon
 J - a scroll of holy word
 K - 3 scrolls of summoning
 M - 3 scrolls of magic mapping
 Q - 5 scrolls of remove curse {@r2}
 R - 5 scrolls of identify {@r1}
 T - a scroll of teleportation {@r4}
Potions
 h - 15 potions of curing {@q1}
 l - 3 potions of flight
 p - a potion of heal wounds {@q2}
 u - 3 potions of lignification {!q}
 w - 3 potions of invisibility
 S - 3 potions of resistance
Comestibles
 d - 6 beef jerkies
 e - 14 bread rations
 s - 49 fruits
 v - 2 royal jellies
 W - 3 meat rations


   Skills:
 + Level 14.5 Fighting
 * Level 21.4 Axes
 - Level 1.7 Throwing
 + Level 13.0 Armour
 + Level 10.9 Dodging
 - Level 9.1 Invocations


You had 4 spell levels left.
You knew the following spells:

 Your Spells              Type           Power        Failure   Level  Hunger
a - Swiftness             Chrm/Air       #.......     99%         2    ###....
c - Passwall              Trmt/Erth      #.........   100%        3    ####...
o - Apportation           Tloc           #.........   96%         1    ##.....
p - Phase Shift           Tloc           #.........   100%        5    ######.


Dungeon Overview and Level Annotations

Branches:
Dungeon (11/15)            Temple (1/1) D:6            Lair (8/8) D:8
 Shoals (0/4) Lair:6       Spider (4/4) Lair:6        Slime (0/6) Lair:6
    Orc (4/4) D:10            Elf (0/3) Orc:4

Altars:
Ashenzari
Dithmenos
Elyvilon
Gozag
Kikubaaqudgha
Makhleb
Nemelex Xobeh
Okawaru
Qazlal
Ru
Sif Muna
Trog
Vehumet
Xom
Yredelemnul
Zin
The Shining One
Beogh

Shops:
D:4 *   D:8 *   Orc:4 =:=%?

Annotations:
D:5 Sigmund
Spider:4 1 exclusion, Mara


Innate Abilities, Weirdness & Mutations

You are very agile. (Dex +4)
You tend to lose your temper in combat.
You can breathe flames.
Your system is resistant to poisons.
Your natural rate of healing is unusually fast.
You are weak. (Str -2)


Message History

You slice Mara!! You freeze Mara!
Mara is almost dead.
Goblin1989's illusion hits you!!!
* * * LOW HITPOINT WARNING * * *
Goblin1989's illusion freezes you!
* * * LOW HITPOINT WARNING * * *
Mara gestures.
Mara blinks!
You hear an angry hiss.
You closely miss Goblin1989's illusion.
Goblin1989's illusion is heavily wounded.
Mara is caught in a web!
You miss Goblin1989's illusion.
Goblin1989's illusion is heavily wounded.
Goblin1989's illusion barely misses you.
Mara pulls away from the web.
You miss Goblin1989's illusion.
Goblin1989's illusion is heavily wounded.
Goblin1989's illusion hits you!!
You die...

..........^.ਜ..^ ... ..
............ਜ^..
...ਜ...ਜ.ਜਜ..^........
...ਜ^ਜ.ਜ......ਜ....ਜ.ਜ
ਜਜ.ਜ..........ਜ...5... .
ਜ.....R...........ਜ.ਜ^ ..
ਜ....ਜ......ਜ..ਜ.ਜ...^
...ਜ..ਜ....^^..ਜ..ਜ.^....
ਜ........@@.ਜ...ਜ........ਜ
............ਜ..ਜ.5^^.^.ਜ..
ਜ..ਜਜ^.Rਜ^.......ਜ......
ਜਜ...(ਜ......ਜ^(.......^
........ਜ..ਜਜ.......ਜ.....
...(....ਜ..ਜ.........ਜਜ...
.ਜਜ.............ਜ....^^^.†
ਜ^ਜਜ.ਜਜਜਜਜ....ਜ.....ਜ^..
ਜਜ ਜਜ ...........ਜਜਜ^


You could see 2 Maras and Goblin1989's illusion.

Vanquished Creatures
  Arachne (Spider:3)
  Maud (Lair:8)
  2 emperor scorpions (Spider:2)
  The ghost of Goblin1989 the Grappler, a journeyman TrHu of Okawaru (Lair:2)
  An ice dragon (Orc:2)
  2 entropy weavers (Spider:2)
  4 hydras
  4 death yaks (Lair:3)
  A catoblepas (Lair:2)
  A centaur warrior (D:9)
  5 orc high priests (Orc:4)
  Nergalle (Lair:3)
  2 ice devils (IceCv)
  An unseen horror (D:11)
  The ghost of Goblin1989 the Grappler, a novice TrHu of Okawaru (D:6)
  21 wolf spiders
  5 orb spiders
  A cyclops (Lair:6)
  An ugly thing (D:11)
  A griffon (Lair:7)
  7 orc knights (Orc:4)
  2 hornets (Spider:3)
  A manticore (D:11)
  A black mamba (Lair:4)
  A moth of wrath (Spider:1)
  15 elephants
  Joseph (D:8)
  8 spiny frogs
  2 ice statues (IceCv)
  A torpor snail (Lair:3)
  Psyche (D:8)
  A gargoyle (D:11)
  8 komodo dragons
  7 demonic crawlers
  4 fire drakes
  A two-headed ogre (Orc:2)
  21 jumping spiders
  4 trolls
  3 polar bears
  Prince Ribbit (D:5)
  A minotaur skeleton (Lab)
  10 blue devils (IceCv)
  8 blink frogs
  3 boulder beetles
  2 deep elf magi (D:9)
  2 spriggans
  29 redbacks
  28 yaks
  9 tarantellas
  17 trapdoor spiders
  A deep elf fighter (D:8)
  2 wyverns
  3 fire elementals (Orc:4)
  A warg (Orc:3)
  3 basilisks
  12 hippogriffs
  A steam dragon (D:11)
  13 wolves
  A hell hound (Orc:4)
  10 porcupines
  9 water moccasins
  3 ice beasts
  34 orc warriors
  4 sky beasts
  A wasp (Lair:6)
  5 centaurs
  2 black bears
  22 spiders
  7 ogres
  2 phantoms
  16 crocodiles
  A big kobold (D:11)
  19 giant frogs
  A water moccasin zombie (D:9)
  7 scorpions
  4 wights (D:10)
  9 killer bees
  3 crimson imps
  3 centaur zombies
  An electric eel (D:10)
  4 giant frog zombies
  2 hounds
  A human zombie (Ossuary)
  Ijyb (D:2)
  2 centaur skeletons
  8 iguanas
  17 orc wizards
  41 orc priests
  Jessica (D:3)
  A giant frog skeleton (D:7)
  7 jellies
  Natasha (thrice) (D:3)
  5 worker ants
  2 big kobold zombies (Ossuary)
  24 sheep
  2 hound zombies
  2 hound skeletons
  4 mummies (Ossuary)
  3 worker ant zombies
  Robin (D:3)
  14 adders
  82 river rats
  7 gnolls
  3 shadow imps
  6 white imps
  7 ufetubi (IceCv)
  3 oozes (Lair:6)
  2 worms
  2 adder skeletons
  2 giant geckos
  150 orcs
  4 giant cockroaches
  28 goblins
  12 hobgoblins
  11 jackals
  12 kobolds
  3 quokkas
  22 bats
  8 giant newts
  A gnoll zombie (Ossuary)
  A goblin zombie (Ossuary)
  A hobgoblin zombie (Ossuary)
  A kobold zombie (Ossuary)
  A quokka zombie (D:9)
  18 rats
  2 bushes (Lair:8)
  10 fungi
  9 plants
1009 creatures vanquished.

Vanquished Creatures (collateral kills)
  Azrael (Orc:4)
  A minotaur (Lab)
  2 sheep (Lair:3)
  2 river rats (Lair:3)
6 creatures vanquished.

Vanquished Creatures (others)
  A redback (Spider:4)
  An iguana (Lair:6)
  3 river rats (Lair:6)
  2 white imps (IceCv)
  3 ufetubi (IceCv)
  A kobold (D:7)
  6 fungi
  4 plants
21 creatures vanquished.

Grand Total: 1036 creatures vanquished

Notes
Turn   | Place    | Note
--------------------------------------------------------------
     0 | D:1      | Goblin1989 the Hill Orc Gladiator began the quest for the Orb.
     0 | D:1      | Reached XP level 1. HP: 18/18 MP: 1/1
    81 | D:1      | Reached XP level 2. HP: 25/25 MP: 2/2
   181 | D:1      | Reached skill level 5 in Axes
   333 | D:1      | Reached XP level 3. HP: 27/30 MP: 3/3
   689 | D:2      | Noticed Ijyb
   705 | D:2      | Killed Ijyb
   705 | D:2      | Reached skill level 6 in Axes
   705 | D:2      | Reached XP level 4. HP: 24/37 MP: 4/4
  1216 | D:2      | Reached skill level 7 in Axes
  1392 | D:3      | Noticed Jessica
  1399 | D:3      | Killed Jessica
  1399 | D:3      | Reached XP level 5. HP: 27/42 MP: 3/5
  1560 | D:3      | Noticed Natasha
  1570 | D:3      | Killed Natasha
  1570 | D:3      | Reached skill level 8 in Axes
  1647 | D:3      | Noticed Robin
  1676 | D:3      | Killed Robin
  1938 | D:3      | Reached XP level 6. HP: 42/50 MP: 4/6
  2191 | D:3      | Noticed Natasha
  2196 | D:3      | Killed Natasha
  2226 | D:3      | Noticed Natasha
  2238 | D:3      | Killed Natasha
  2414 | D:4      | Reached skill level 9 in Axes
  2570 | D:4      | Found Tofiff's Assorted Antiques.
  2582 | D:4      | Bought a silvery potion for 23 gold pieces
  2582 | D:4      | Bought a scroll labeled TAUMESHR GI FOI for 26 gold pieces
  2582 | D:4      | Bought a scroll labeled CUTWIENKOIH for 26 gold pieces
  2582 | D:4      | Bought a scroll labeled CUTWIENKOIH for 26 gold pieces
  3132 | D:5      | Entered Level 5 of the Dungeon
  3183 | D:5      | Noticed Sigmund
  3420 | D:5      | Found a glowing golden altar of the Shining One.
  3437 | D:6      | Noticed Goblin1989's ghost (novice TrHu)
  3441 | D:6      | Gained mutation: You evolve. [potion of mutation]
  3441 | D:6      | Gained mutation: You are weak. (Str -2) [potion of mutation]
  3441 | D:6      | Lost mutation: You evolve. [potion of mutation]
  3462 | D:6      | Killed Goblin1989's ghost
  3462 | D:6      | Reached skill level 11 in Axes
  3462 | D:6      | Reached XP level 7. HP: 56/56 MP: 5/7
  3462 | D:6      | Reached XP level 8. HP: 62/62 MP: 5/8
  3593 | D:6      | Found a glowing golden altar of the Shining One.
  3871 | D:6      | Found a staircase to the Ecumenical Temple.
  3881 | D:6      | Reached skill level 12 in Axes
  3905 | Temple   | Entered the Ecumenical Temple
  4129 | Temple   | Became a worshipper of Makhleb the Destroyer
  4199 | D:6      | Reached skill level 1 in Armour
  4433 | D:6      | Learned a level 1 spell: Apportation
  4631 | D:7      | HP: 3/63 [poisoned by an orc wizard]
  4817 | D:7      | Found a bloodstained altar of Trog.
  4858 | D:7      | Found a sand-covered staircase.
  4871 | Ossuary  | Entered an ossuary
  5345 | Ossuary  | Gained mutation: You tend to lose your temper in combat. [potion of mutation]
  5345 | Ossuary  | Gained mutation: Your magical capacity is low (-10% MP). [potion of mutation]
  5345 | Ossuary  | Gained mutation: You are agile. (Dex +2) [potion of mutation]
  5486 | D:7      | Reached skill level 13 in Axes
  5486 | D:7      | Reached XP level 9. HP: 58/72 MP: 8/8
  5794 | D:7      | Reached * piety under Makhleb
  6085 | D:5      | Found a white marble altar of Elyvilon.
  6088 | D:5      | Reached skill level 5 in Fighting
  6176 | D:5      | Noticed Prince Ribbit
  6188 | D:5      | Killed Prince Ribbit
  6728 | D:8      | Noticed Psyche
  6729 | D:8      | Noticed Joseph
  6732 | D:8      | Killed Joseph
  6732 | D:8      | Reached skill level 14 in Axes
  6732 | D:8      | Reached XP level 10. HP: 80/83 MP: 9/9
  6734 | D:8      | Paralysed by Psyche for 6 turns
  6741 | D:8      | Killed Psyche
  6741 | D:8      | Reached skill level 5 in Armour
  6744 | D:8      | Got a crude bardiche
  6794 | D:8      | Identified the +2 bardiche of Shame {chop, Str+3} (You found it on level 8 of the Dungeon)
  6852 | D:8      | Reached ** piety under Makhleb
  6861 | D:8      | Gained mutation: Your magical capacity is very low (-20% MP). [mutagenic meat]
  6862 | D:8      | Gained mutation: You are very agile. (Dex +4) [mutagenic meat]
  6864 | D:8      | Gained mutation: Your natural rate of healing is unusually fast. [mutagenic meat]
  7098 | D:8      | Reached *** piety under Makhleb
  7128 | D:8      | Found Inig's Assorted Antiques.
  7225 | D:8      | Found a staircase to the Lair.
  7229 | D:8      | Reached skill level 5 in Dodging
  7396 | D:9      | Found an iron altar of Okawaru.
  7410 | D:9      | Found a basalt altar of Yredelemnul.
  7492 | D:9      | Learned a level 2 spell: Swiftness
  7496 | D:9      | Learned a level 3 spell: Passwall
  7535 | D:9      | Found a sparkling altar of Nemelex Xobeh.
  7597 | D:9      | Lost mutation: Your magical capacity is very low (-20% MP). [mutagenic meat]
  7599 | D:9      | Lost mutation: Your magical capacity is low (-10% MP). [mutagenic meat]
  7600 | D:9      | Gained mutation: You passively map a small area around you. [mutagenic meat]
  7882 | D:9      | Reached skill level 15 in Axes
  7910 | D:9      | Found a shadowy altar of Dithmenos.
  8106 | D:9      | Noticed a centaur warrior
  8116 | D:9      | Killed a centaur warrior
  8120 | D:9      | Reached **** piety under Makhleb
  8228 | D:9      | Found a radiant altar of Vehumet.
  8273 | D:10     | Entered Level 10 of the Dungeon
  8376 | D:10     | Reached XP level 11. HP: 58/94 MP: 11/11
  8589 | D:10     | Found a staircase to the Orcish Mines.
  9133 | D:11     | Found a flagged portal.
  9155 | Bailey   | Entered a bailey
  9270 | Bailey   | Reached ***** piety under Makhleb
  9433 | Bailey   | Identified the Volume of Fire
  9801 | D:11     | Reached skill level 16 in Axes
  9922 | D:11     | Killed an unseen horror
  9991 | D:11     | Gained mutation: Your system is resistant to poisons. [mutagenic meat]
  9995 | D:11     | Lost mutation: You passively map a small area around you. [mutagenic meat]
 10481 | Orc:1    | Entered Level 1 of the Orcish Mines
 10489 | Orc:1    | Found a roughly hewn altar of Beogh.
 10716 | Orc:2    | Found a frozen archway.
 10718 | Orc:2    | Noticed an ice dragon
 10745 | Orc:2    | Killed an ice dragon
 10745 | Orc:2    | Reached XP level 12. HP: 42/105 MP: 12/12
 10754 | Orc:2    | Reached skill level 17 in Axes
 10794 | IceCv    | Entered an ice cave
 11218 | IceCv    | Reached ****** piety under Makhleb
 11432 | IceCv    | Reached skill level 10 in Fighting
 12158 | Orc:2    | Found a roughly hewn altar of Beogh.
 12388 | Orc:3    | Got a bloodstained dagger {drain}
 12389 | Orc:3    | Identified the +5 dagger of Dissolution {drain, rC+ Int+4} (You took it off an orc warrior on level 3 of the Orcish Mines)
 12417 | Orc:3    | Reached skill level 1 in Invocations
 13053 | Orc:4    | Entered Level 4 of the Orcish Mines
 13231 | Orc:4    | Noticed an orc high priest
 13320 | Orc:4    | Killed an orc high priest
 13425 | Orc:4    | Noticed an orc high priest
 13434 | Orc:4    | Killed an orc high priest
 13492 | Orc:4    | Reached skill level 5 in Invocations
 13492 | Orc:4    | Reached XP level 13. HP: 75/115 MP: 16/16
 13545 | Orc:4    | Found Sysof's Jewellery Shop.
 13546 | Orc:4    | Noticed an orc high priest
 13578 | Orc:4    | Noticed an orc high priest
 13578 | Orc:4    | Noticed an orc high priest
 13980 | Orc:4    | Cast into the Abyss (orc warrior)
 14044 | Abyss:1  | Noticed a starcursed mass
 14056 | Abyss:1  | Found a corrupted altar of Lugonu.
 14121 | Orc:4    | Escaped the Abyss
 14384 | Orc:4    | Killed an orc high priest
 14391 | Orc:4    | Killed an orc high priest
 14391 | Orc:4    | Reached skill level 10 in Armour
 14472 | Orc:4    | Found a staircase to the Elven Halls.
 14566 | Orc:4    | Killed an orc high priest
 14619 | Orc:4    | Noticed Azrael
 14649 | Orc:4    | Killed Azrael
 14683 | Orc:4    | Found Onageam's Book Emporium.
 14686 | Orc:4    | Found Toxuzyke's Magic Scroll Emporium.
 14687 | Orc:4    | Found Niygugakh's Jewellery Emporium.
 14688 | Orc:4    | Found Yppy's Food Shoppe.
 14692 | Orc:4    | Bought a scroll of holy word for 105 gold pieces
 14692 | Orc:4    | Bought a scroll of summoning for 133 gold pieces
 15028 | Lair:1   | Entered Level 1 of the Lair of Beasts
 15067 | Lair:1   | Found a labyrinth entrance.
 15084 | Lab      | Entered a labyrinth
 15509 | Lab      | Noticed a minotaur
 15527 | Lab      | Killed a minotaur
 15533 | Lab      | Got a twisted glaive {drain}
 15534 | Lab      | Identified the cursed +2 glaive of Infection {drain, *Noise Str+4} (You took it off a minotaur in a labyrinth)
 16566 | Lair:2   | Reached skill level 18 in Axes
 16567 | Lair:2   | Identified a scroll of acquirement
 16656 | Lair:2   | Learned a level 5 spell: Phase Shift
 16671 | Lair:2   | Noticed Goblin1989's ghost (journeyman TrHu)
 16679 | Lair:2   | Killed Goblin1989's ghost
 17309 | Lair:3   | Noticed Nergalle
 17322 | Lair:3   | Killed Nergalle
 17485 | Lair:3   | Reached XP level 14. HP: 126/126 MP: 20/20
 17665 | Lair:3   | Gained mutation: You can breathe flames. [potion of beneficial mutation]
 17719 | Lair:3   | You fall through a shaft for 3 floors!
 18553 | Lair:4   | Got a vibrating marble ring
 18555 | Lair:4   | Identified the ring of Equilibrium {Str+4 Int+2 SInv} (You found it on level 4 of the Lair of Beasts)
 18797 | Lair:4   | Reached skill level 19 in Axes
 20012 | Lair:6   | Found a hole to the Spider Nest.
 20065 | Lair:6   | Found a staircase to the Shoals.
 20092 | Lair:6   | Found a staircase to the Slime Pits.
 21659 | Lair:8   | Entered Level 8 of the Lair of Beasts
 21741 | Lair:8   | Noticed Maud
 21749 | Lair:8   | Killed Maud
 21749 | Lair:8   | Reached XP level 15. HP: 43/135 MP: 21/21
 22034 | Lair:8   | Reached skill level 20 in Axes
 22196 | Lair:8   | Reached skill level 10 in Dodging
 22413 | Spider:1 | Entered Level 1 of the Spider Nest
 24781 | Spider:2 | Reached skill level 21 in Axes
 25063 | Spider:3 | Reached XP level 16. HP: 146/146 MP: 22/22
 25289 | Spider:3 | Noticed Arachne
 25312 | Spider:3 | Killed Arachne
 25406 | Spider:4 | Entered Level 4 of the Spider Nest
 25846 | Spider:4 | Noticed Mara
 25860 | Spider:4 | Noticed Goblin1989's illusion
 25870 | Spider:4 | Slain by Goblin1989's illusion

Action                   |  1- 3 |  4- 6 |  7- 9 | 10-12 | 13-15 | 16-18 || total
-------------------------+-------+-------+-------+-------+-------+-------++-------
Melee: War axe           |    98 |   268 |    90 |       |    24 |       ||   480
       Battleaxe         |       |       |   184 |   998 |   395 |       ||  1577
       Unarmed           |       |       |       |     2 |       |       ||     2
       Executioner's axe |       |       |       |       |   811 |   111 ||   922
Throw: Throwing net      |       |       |       |       |       |     2 ||     2
Invok: Lesser Servant of |       |       |       |       |     9 |     2 ||    11
       Greater Servant o |       |       |       |       |     1 |       ||     1
  Use: Potion            |       |     6 |     4 |     8 |     7 |     3 ||    28
       Scroll            |       |       |    17 |     9 |    20 |     1 ||    47
 Stab: Invisible         |       |       |       |    14 |     3 |       ||    17
       Distracted        |       |       |       |       |     1 |       ||     1
  Eat: Chunk             |       |     9 |     8 |    40 |    39 |     2 ||    98
       Beef jerky        |       |       |     1 |       |       |       ||     1
       Fruit             |       |       |     1 |       |    10 |       ||    11
       Meat ration       |       |       |       |     1 |       |       ||     1
       Pizza             |       |       |       |       |     2 |     1 ||     3
       Royal jelly       |       |       |       |       |     2 |       ||     2

Vault maps used:
D:1:      lightli_arrival_flooded_house
D:2:      uniq_iyjb
D:3:      lemuel_upstairs_altar, first_bread, uniq_jessica, uniq_robin,
          uniq_natasha
D:4:      serial_shops, shop, hangedman_decor_diamond_cutter
D:5:      grunt_temple_overflow_open, uniq_sigmund, uniq_prince_ribbit1
D:6:      minmay_temple_entry_crystal_x, lemuel_statue_altar
D:7:      nicolae_ossuary_entry_ruins, the_bakery, kennysheep_another_room,
          trog_hazing_becter
D:8:      grunt_lair_entry_elf_guard_hut, serial_shops, nicolae_shop_crystal,
          uniq_joseph, uniq_psyche
D:9:      kennysheep_little_box, nicolae_overflow_quartered_altars, st_stairs_2
D:10:     orc_0_dummy, nicolae_water_bricks
D:11:     enter_bailey_3, minmay_gold_behind_fungi
Temple:   minmay_temple_forest_path_12
Lair:1:   lab_entry_generic, infiniplex_staircase_pool
Lair:2:   grunt_forest_large_clearing_hut, grunt_megastairs_4,
          lemuel_fruit_fields
Lair:3:   serial_bayou_shore_b, lemuel_fruit_fields, uniq_nergalle
Lair:4:   beast_lair_carwin_large_3
Lair:5:   lemuel_fruit_fields
Lair:6:   elwin_shoals_entry_rocks, dummy_spider_entry,
          nicolae_slime_entry_slimehenge, serial_bayou_pond_b,
          grunt_forest_large_clearings
Lair:7:   grunt_megastairs_2, lemuel_fruit_fields, lemuel_fruit_tree
Lair:8:   grunt_lair_end_beastmaster, uniq_maud
Spider:1: hangedman_spider_tarantella_strand
Spider:2: spiders_nest_scorpion_pit, guppyfry_spider_mini_1
Spider:3: spider_trap, uniq_arachne
Spider:4: spider_rune_water, uniq_mara
Orc:1:    basic_altar
Orc:2:    basic_altar, portal_ice_cave_entry_animals_and_master
Orc:3:    nicolae_orc_pool_cavern, nicolae_orc_sculptors_studio
Orc:4:    st_orc_pillars, serial_shops, nicolae_shop_trees, uniq_azrael
Lab:      labyrinth_mini_lab, lab_hedge, nicolae_lab_stuck, nicolae_lab_x
Ossuary:  ossuary_crypta
Bailey:   bailey_axe_1, bailey
IceCv:    ice_cave_small_demon
